Map: Reclamation LE

Players

Ekelpack

  • Race: Zerg Zerg
  • Spawn Location: 5:00

Nyck

  • Race: Terran Terran
  • Spawn Location: 6:00

Gregory - Winner!

  • Race: Protoss Protoss
  • Spawn Location: 12:00

Power - Winner!

  • Race: Protoss Protoss
  • Spawn Location: 11:00

VOD

Have the link to the VOD?

Description

Time

  • Played on: April 1, 2025, 1:37 p.m.
  • Length: 18:09
Show
View Real Time Build Order
Export as new Build Order

Ekelpack Zerg 

Build Orders: Hatch First 

Get SALT Encoding   

  12  0:00  Drone  
  13  0:12  Overlord  
  13  0:17  Drone  
  14  0:31  Drone x2  
  14  0:35  Drone  
  17  0:54  Hatchery  
  17  0:55  Drone  
  17  1:00  Drone  
  17  1:03  Extractor  
  17  1:07  Drone  
  18  1:20  Spawning Pool  
  18  1:22  Drone  
  18  1:28  Drone  
  19  1:40  Drone  
  20  2:07  Queen  
  20  2:08  Queen  
  24  2:09  Drone  
  24  2:15  Roach Warren  
  24  2:16  Drone  
  24  2:17  Drone  
  26  2:23  Overlord  
  26  2:28  Drone  
  27  2:31  Drone  
  28  2:55  Roach x3  
  28  2:56  Roach  
  36  3:02  Lair  
  36  3:24  Overlord  
  36  3:31  Spore Crawler, Queen, Evolution Chamber  
  36  3:32  Spore Crawler  
  36  3:33  Drone  
  36  3:53  Drone x4  
  36  3:54  Drone x2, Overlord  
  42  3:56  Zerg Missile Weapons Level 1  
  42  4:01  Extractor  
  41  4:08  Hydralisk Den  
  40  4:14  Drone  
  40  4:15  Drone  
  40  4:16  Overlord  
  42  4:19  Extractor  
  41  4:31  Drone x3  
  44  4:45  Drone x5  
  48  4:46  Drone, Overlord  
  48  4:47  Drone x2  
  52  4:54  Grooved Spines, Extractor  
  52  4:55  Hydralisk x2  
  55  5:03  Pneumatized Carapace  
  55  5:14  Glial Reconstitution  
  55  5:24  Drone x4  
  55  5:27  Drone  
  60  5:29  Overlord, Hydralisk  
  60  5:30  Hydralisk x2  
  66  5:53  Zerg Missile Weapons Level 2  
  66  5:55  Overlord  
  66  5:56  Roach  
  66  5:57  Roach x4  
  76  6:08  Overlord  
  76  6:15  Hatchery  
  75  6:31  Overlord x2  
  75  6:33  Hydralisk x4  
  75  6:34  Hydralisk x2  
  87  6:46  Hydralisk x2  
  87  6:47  Hydralisk  
  86  7:01  Roach  
  86  7:02  Roach x5  
  96  7:11  Hydralisk  
  90  7:28  Roach x4  
  69  7:46  Hydralisk x3  
  69  7:58  Hydralisk x2  
  61  8:12  Overseer x2  
  61  8:15  Zerg Ground Armor Level 1  
  61  8:19  Roach x2  
  69  8:20  Roach x2  
  69  8:37  Hatchery  
  68  8:41  Queen  
  70  8:52  Hydralisk x3  
  70  8:53  Overlord, Hydralisk  
  78  9:00  Extractor  
  77  9:22  Hydralisk  
  77  9:23  Hydralisk x6  
  77  9:24  Hydralisk x4  
  99  9:39  Overlord  
  99  9:47  Drone x2  
  99  9:48  Drone x2  
  99  9:51  Drone  
  104  10:02  Drone x3  
  104  10:03  Drone x3  
  110  10:08  Muscular Augments  
  110  10:12  Zerg Ground Armor Level 2  
  110  10:14  Roach  
  110  10:15  Roach x4  
  120  10:26  Infestation Pit  
  119  10:34  Extractor  
  118  10:44  Overlord x2  
  118  10:59  Drone x4  
  96  11:34  Hydralisk x3  
  96  11:35  Hydralisk x6  
  96  11:36  Hydralisk x7  
  96  11:37  Hydralisk x6  
  104  12:25  Drone, Hatchery  
  84  12:38  Hydralisk x2  
  84  12:39  Hydralisk x6  
  84  12:40  Hydralisk x3  
  102  13:04  Hive  
  102  13:20  Overlord  
  102  13:48  Hydralisk  
  102  13:49  Hydralisk x5  
  88  14:04  Hydralisk x5  
  88  14:05  Hydralisk x6  
  88  14:06  Hydralisk  
  89  14:43  Ultralisk Cavern  
  88  14:55  Hydralisk  
  88  14:56  Hydralisk x6  
  88  14:57  Hydralisk x3  
  108  15:11  Drone x3  
  108  15:12  Drone x2  
  113  15:18  Queen  
  99  16:22  Ultralisk x4  
  119  16:35  Queen  
  121  16:53  Overlord  
  121  16:55  Hatchery  
  120  17:08  Overlord x2  
  120  17:14  Anabolic Synthesis  
  120  17:21  Overlord  
  120  17:22  Overlord  
Show
View Real Time Build Order
Export as new Build Order

Nyck Terran 

Build Orders:  

Get SALT Encoding   

  12  0:00  SCV  
  13  0:12  SCV  
  14  0:18  Supply Depot  
  14  0:25  SCV  
  15  0:40  SCV  
  16  0:42  Barracks  
  16  0:49  Refinery  
  16  0:52  SCV  
  17  1:04  SCV  
  18  1:17  SCV  
  19  1:29  SCV  
  20  1:33  Reaper  
  20  1:37  Command Center  
  21  1:43  Orbital Command  
  21  2:04  Refinery  
  21  2:06  Barracks Tech Lab  
  21  2:10  SCV  
  22  2:17  Supply Depot  
  22  2:32  SCV  
  23  2:39  Marauder  
  25  2:46  SCV  
  25  3:00  Orbital Command  
  25  3:04  Marauder  
  27  3:06  SCV  
  28  3:14  Factory  
  28  3:23  SCV  
  29  3:28  SCV, Engineering Bay  
  29  3:32  Refinery  
  29  3:41  SCV x2  
  33  3:48  Marauder  
  33  3:49  Concussive Shells  
  33  3:53  SCV  
  33  3:54  SCV  
  35  3:59  Missile Turret  
  35  4:04  Missile Turret  
  35  4:11  Refinery  
  35  4:12  SCV x2  
  37  4:24  SCV x2  
  37  4:33  Marauder  
  37  4:35  Terran Infantry Weapons Level 1  
  37  4:38  Starport, Factory Reactor  
  39  4:45  SCV x2, Engineering Bay  
  41  4:46  Armory  
  41  5:01  Stimpack  
  41  5:02  SCV  
  41  5:03  SCV  
  41  5:05  Command Center  
  43  5:11  Supply Depot  
  43  5:15  SCV  
  43  5:20  SCV  
  45  5:28  Missile Turret  
  45  5:31  Factory Reactor  
  45  5:32  Terran Infantry Armor Level 1  
  45  5:33  Supply Depot  
  45  5:37  Medivac x2  
  45  5:40  SCV  
  45  5:41  SCV  
  51  5:48  Supply Depot  
  51  5:53  SCV x2  
  53  5:57  Supply Depot  
  53  5:59  Terran Ship Weapons Level 1  
  53  6:09  Starport  
  53  6:21  SCV x2  
  53  6:22  Orbital Command  
  53  6:23  Starport  
  55  6:28  Refinery  
  55  6:31  Terran Infantry Weapons Level 2  
  55  6:33  SCV x2  
  44  7:10  Liberator  
  44  7:13  Marauder  
  44  7:16  Hellion x2  
  48  7:32  Liberator  
  51  7:50  Marauder  
  51  7:51  Liberator x2  
  57  8:12  SCV x2  
  59  8:22  Supply Depot  
  59  8:23  Terran Infantry Armor Level 2  
  59  8:24  SCV x2  
  61  8:36  Barracks  
  61  8:39  Barracks  
  61  8:50  Terran Infantry Weapons Level 3  
  61  8:53  Starport Reactor  
  61  8:54  Starport Reactor  
  61  8:56  SCV x2  
  63  9:14  Medivac x2  
  67  9:23  SCV x2, Command Center  
  69  9:26  Barracks  
  69  9:30  Barracks Reactor  
  69  9:32  Barracks Reactor  
  69  9:34  Marine  
  69  9:37  Viking x3  
  69  9:38  Viking  
  78  9:41  Terran Ship Weapons Level 2  
  78  9:50  Supply Depot  
  78  9:52  Fusion Core  
  78  9:53  SCV x2  
  78  9:57  Viking  
  78  9:58  Viking  
  84  10:09  Viking  
  84  10:11  Viking  
  84  10:12  Supply Depot  
  88  10:16  Marine x3  
  88  10:17  Marine x2  
  88  10:20  Combat Shield  
  93  10:36  Supply Depot  
  93  10:41  Orbital Command  
  93  10:43  SCV x2  
  95  10:51  Marine x3  
  95  10:52  Marine x2  
  100  11:01  SCV x2  
  102  11:09  Marine x4  
  102  11:10  Marine  
  102  11:11  SCV  
  108  11:13  Refinery  
  108  11:18  Refinery  
  108  11:21  SCV  
  108  11:22  SCV  
  110  11:38  Marine x3  
  110  11:39  Marine x2  
  105  12:04  Viking x2  
  105  12:05  Viking x4  
  105  12:08  Marine x5  
  118  12:11  Caduceus Reactor  
  118  12:12  Terran Infantry Armor Level 3  
  118  12:15  Terran Ship Weapons Level 3  
  120  12:22  Supply Depot  
  120  12:24  SCV x2  
  120  12:25  SCV, Marine  
  124  12:36  SCV  
  125  12:44  SCV x2  
  127  12:45  Supply Depot  
  127  12:46  Command Center  
  127  12:48  SCV  
  128  12:52  Command Center  
  128  12:56  SCV x2  
  128  12:58  Viking  
  132  13:00  Marine  
  133  13:06  Marine x2, Viking x3  
  133  13:07  Supply Depot, Marine x2, Viking x2  
  147  13:13  Neosteel Armor  
  147  13:17  Marine  
  148  13:28  Marine x3  
  148  13:29  Marine  
  148  13:30  Supply Depot  
  148  13:31  Viking  
  154  13:43  Barracks Reactor  
  154  13:44  Barracks  
  154  13:50  Medivac  
  154  13:51  Marine  
  154  13:52  Marine x2, Medivac x3  
  165  13:56  Supply Depot  
  165  13:58  Marine, Medivac  
  165  14:00  Marine  
  169  14:09  Marine  
  162  14:19  Supply Depot  
  127  14:46  Marine x6  
  127  14:47  Marine x2  
  125  15:03  SCV x2  
  125  15:04  Marine x8  
  134  15:12  Medivac x3  
  134  15:13  Viking x3  
  146  15:21  Marine  
  146  15:22  Marine x6  
  87  16:21  Marine  
  87  16:22  Marine x6  
  87  16:24  Barracks Reactor  
  91  16:37  Viking x5  
  91  16:38  Viking  
  91  16:39  Marine x3  
  105  17:29  Orbital Command  
Show
View Real Time Build Order
Export as new Build Order

Gregory Protoss - Winner!

Build Orders:  

Get SALT Encoding   

  12  0:02  Probe  
  13  0:14  Probe  
  13  0:20  Pylon  
  14  0:26  Probe  
  15  0:39  Probe  
  15  0:41  Gateway  
  16  0:47  Probe  
  16  0:49  Assimilator  
  16  0:55  Assimilator  
  16  0:57  Probe  
  18  1:09  Probe  
  19  1:17  Gateway  
  19  1:21  Probe  
  20  1:33  Probe  
  20  1:34  Cybernetics Core  
  21  1:50  Warp Gate  
  21  1:52  Probe  
  22  2:06  Pylon  
  22  2:09  Pylon  
  22  2:15  Probe  
  23  2:21  Pylon  
  23  2:24  Adept x2  
  27  2:43  Probe  
  26  3:08  Adept x2  
  30  3:13  Nexus  
  30  3:15  Pylon  
  30  3:18  Probe  
  30  3:19  Pylon  
  31  3:30  Probe  
  31  3:33  Twilight Council  
  28  3:59  Gateway x2  
  28  4:04  Charge  
  28  4:07  Robotics Facility  
  26  4:38  Probe x2  
  26  4:42  Zealot x2  
  30  4:50  Probe x2  
  32  4:58  Shield Battery  
  32  5:02  Probe x2  
  32  5:03  Zealot  
  32  5:04  Zealot  
  38  5:10  Zealot  
  40  5:14  Probe x2  
  40  5:17  Observer  
  43  5:26  Probe x2  
  43  5:28  Zealot  
  47  5:31  Zealot  
  49  5:37  Zealot  
  49  5:40  Probe  
  49  5:41  Probe  
  53  5:44  Blink  
  53  5:52  Probe  
  53  5:53  Probe  
  53  5:54  Robotics Bay  
  55  5:57  Assimilator  
  55  6:02  Assimilator  
  55  6:04  Zealot  
  55  6:05  Zealot  
  55  6:08  Zealot  
  61  6:29  Nexus  
  61  6:30  Zealot  
  61  6:31  Zealot  
  61  6:32  Zealot  
  51  7:16  Zealot x4  
  47  7:34  Probe x2  
  49  7:41  Pylon  
  49  7:45  Pylon  
  49  7:46  Probe x2  
  45  7:58  Probe x2  
  44  8:02  Gateway x2  
  44  8:04  Zealot  
  44  8:05  Zealot x3, Gateway  
  53  8:07  Gateway  
  53  8:10  Extended Thermal Lance, Probe x2  
  53  8:11  Probe  
  56  8:15  Assimilator  
  56  8:19  Assimilator  
  56  8:22  Probe x2  
  56  8:23  Probe, Colossus  
  59  8:27  Forge  
  59  8:30  Forge  
  59  8:33  Forge  
  65  8:34  Probe x2  
  67  8:48  Probe  
  67  8:49  Probe x2  
  67  8:50  Stalker x2  
  67  8:51  Stalker x2, Protoss Ground Weapons Level 1  
  67  8:53  Protoss Ground Armor Level 1  
  67  8:55  Protoss Shields Level 1  
  78  9:09  Zealot  
  80  9:10  Zealot x3  
  86  9:20  Colossus  
  92  9:44  Probe x3  
  92  9:45  Stalker x3  
  97  9:46  Stalker x4  
  97  9:50  Gravitic Boosters  
  97  9:52  Pylon  
  109  9:58  Nexus  
  109  10:01  Pylon  
  109  10:03  Pylon  
  109  10:05  Pylon  
  109  10:07  Assimilator  
  109  10:11  Assimilator  
  109  10:15  Pylon  
  109  10:16  Pylon x2  
  109  10:18  Colossus  
  115  10:27  Robotics Facility  
  115  10:30  Pylon  
  115  10:31  Pylon  
  115  10:33  Pylon  
  115  10:40  Stalker x4  
  115  10:41  Stalker x2  
  127  11:12  Stalker x3  
  127  11:13  Stalker x5, Protoss Ground Armor Level 2, Protoss Ground Weapons Level 2  
  125  12:06  Colossus x2  
  123  12:38  Protoss Shields Level 2  
  118  12:53  Colossus x2  
  118  13:00  Probe x3  
  118  13:02  Stalker x2  
  137  13:09  Probe  
  137  13:12  Probe x2  
  140  13:15  Probe  
  140  13:17  Stalker  
  140  13:18  Stalker x2  
  147  13:21  Probe  
  147  13:24  Probe  
  149  13:29  Probe  
  149  13:30  Probe  
  149  13:33  Probe  
  152  13:39  Stalker  
  152  13:40  Stalker x4  
  152  13:41  Stalker x2  
  164  13:42  Stalker  
  110  14:44  Colossus x2  
  114  15:04  Stalker  
  114  15:05  Stalker x7  
  128  15:10  Protoss Ground Armor Level 3, Protoss Ground Weapons Level 3  
  128  15:11  Protoss Shields Level 3  
  128  15:38  Gateway, Colossus x2  
  128  15:39  Stalker x6, Gateway  
  128  15:40  Stalker x2  
  128  15:41  Gateway  
  154  15:44  Gateway  
  98  16:05  Stalker x2  
  98  16:06  Stalker x6  
  95  16:31  Colossus x2  
  107  16:36  Stalker  
  107  16:37  Stalker x2  
  113  16:40  Assimilator  
  113  16:47  Zealot  
  113  16:48  Zealot x6  
  127  17:07  Stalker  
  127  17:08  Stalker x4  
  135  17:09  Stalker x4  
  145  17:25  Observer x2  
  145  17:26  Nexus  
  145  17:28  Assimilator x2  
  131  17:48  Stalker  
  131  17:49  Stalker x7  
  131  17:50  Stalker x2  
Show
View Real Time Build Order
Export as new Build Order

Power Protoss - Winner!

Build Orders: 1 Gate Expand, Archon Immortal, Carriers 

Get SALT Encoding   

  12  0:00  Probe  
  13  0:12  Probe  
  14  0:21  Pylon  
  14  0:24  Probe  
  15  0:35  Probe  
  15  0:40  Gateway  
  16  0:43  Probe  
  17  0:53  Probe  
  18  1:05  Probe  
  19  1:18  Nexus, Probe  
  20  1:31  Cybernetics Core  
  20  1:34  Zealot  
  20  1:37  Probe  
  23  1:45  Assimilator  
  23  1:50  Assimilator  
  23  2:00  Gateway  
  23  2:13  Warp Gate  
  23  2:22  Shield Battery, Pylon  
  23  2:26  Pylon  
  24  2:30  Probe  
  24  2:32  Stalker  
  25  2:37  Probe  
  25  2:42  Probe  
  26  2:49  Stalker  
  28  2:54  Probe  
  28  2:57  Probe  
  32  3:07  Probe  
  32  3:11  Probe  
  34  3:13  Sentry  
  34  3:19  Adept  
  39  3:20  Probe  
  39  3:23  Pylon  
  39  3:24  Probe  
  40  3:32  Probe  
  41  3:36  Probe  
  42  3:44  Probe  
  42  3:45  Robotics Facility  
  42  3:47  Stalker  
  43  3:49  Probe  
  46  3:56  Probe  
  46  4:01  Probe  
  48  4:08  Probe  
  49  4:10  Assimilator  
  49  4:13  Gateway, Probe  
  49  4:14  Gateway  
  50  4:17  Stalker  
  52  4:25  Sentry  
  52  4:26  Probe x2  
  56  4:32  Immortal  
  56  4:35  Shield Battery  
  56  4:36  Pylon  
  56  4:38  Probe x2  
  62  4:49  Pylon  
  62  4:54  Assimilator, Probe x2  
  64  5:03  Immortal  
  64  5:04  Pylon  
  64  5:06  Probe  
  65  5:11  Stalker  
  65  5:13  Stalker  
  73  5:22  Probe  
  73  5:26  Probe  
  75  5:32  Robotics Facility  
  75  5:35  Pylon  
  75  5:36  Forge  
  75  5:38  Pylon  
  75  5:42  Twilight Council  
  75  5:49  Probe  
  76  5:54  Pylon  
  76  5:55  Zealot x2  
  80  5:57  Sentry x2, Observer  
  80  5:58  Protoss Ground Weapons Level 1  
  85  6:08  Immortal  
  85  6:11  Immortal  
  93  6:27  Pylon  
  93  6:29  Pylon  
  93  6:33  Charge  
  93  6:35  Stalker x2  
  89  7:12  Immortal  
  71  7:51  Immortal  
  71  7:55  Immortal  
  71  7:57  Zealot x4  
  73  8:05  Protoss Ground Armor Level 1  
  73  8:12  Probe  
  70  8:15  Blink  
  70  8:26  Templar Archives  
  70  8:27  Dark Shrine  
  70  8:29  Nexus  
  70  8:30  Immortal  
  70  8:33  Pylon  
  78  8:34  Immortal  
  78  8:35  Pylon  
  78  8:37  Stalker x3  
  78  8:38  Pylon  
  78  8:41  Assimilator  
  83  8:45  Assimilator  
  83  9:03  Photon Cannon  
  83  9:04  Photon Cannon  
  83  9:06  High Templar x2, Photon Cannon  
  83  9:08  Shield Battery, Zealot  
  83  9:09  Zealot  
  95  9:10  Immortal  
  95  9:11  Shield Battery, Archon  
  95  9:18  Photon Cannon  
  93  9:28  Photon Cannon  
  93  9:29  Photon Cannon  
  93  9:30  Photon Cannon  
  93  9:32  Pylon  
  93  9:33  Shield Battery  
  93  9:35  Shield Battery  
  93  9:36  Shield Battery  
  93  9:37  High Templar x2  
  97  9:39  Zealot x2  
  97  9:42  Probe x2  
  97  9:44  Probe  
  104  9:46  Archon  
  104  9:54  Probe x2  
  106  10:00  Dark Templar x2  
  106  10:02  Immortal  
  106  10:04  Probe  
  106  10:06  Protoss Shields Level 1  
  111  10:08  Probe  
  116  10:22  Observer  
  116  10:24  Probe  
  116  10:28  Probe  
  119  10:45  Nexus  
  119  10:47  Pylon  
  119  10:49  Pylon  
  119  10:53  Assimilator  
  119  10:54  High Templar x2  
  119  10:55  Assimilator  
  119  10:56  Dark Templar x2  
  127  11:00  Pylon  
  127  11:01  Archon  
  127  11:03  Probe  
  94  11:35  Zealot x2  
  94  11:36  Zealot x2  
  84  11:46  Immortal  
  84  11:47  Immortal  
  80  12:00  Zealot x2  
  80  12:01  Zealot x2  
  87  12:09  Probe  
  87  12:14  Probe  
  89  12:23  Pylon  
  89  12:24  Stargate  
  89  12:25  Pylon  
  89  12:26  Stargate x2, Immortal x2  
  89  12:27  High Templar  
  89  12:28  High Templar  
  89  12:29  Protoss Ground Weapons Level 2  
  101  12:31  Zealot x2  
  101  12:33  Archon  
  105  12:55  Nexus  
  105  12:59  Unknown  
  105  13:01  Pylon  
  105  13:04  Pylon  
  105  13:10  Fleet Beacon  
  105  13:19  Observer x2  
  107  13:27  Protoss Air Weapons Level 1  
  107  13:36  Pylon  
  107  13:42  Carrier x3  
  107  13:44  Photon Cannon  
  107  13:47  Photon Cannon  
  119  14:30  Carrier x3  
  117  14:54  Stalker x2  
  117  14:55  Stalker x2  
  113  15:12  Photon Cannon  
  113  15:15  Photon Cannon  
  113  15:16  Pylon  
  113  15:20  Protoss Air Armor Level 1  
  113  15:24  Observer  
  114  15:31  Carrier x2  
  114  15:32  Carrier  
  104  16:13  Dark Templar x4  
  112  16:29  Photon Cannon x2  
  112  16:31  Pylon  
  112  16:32  Shield Battery, Void Ray x3  
  112  16:33  Shield Battery  
  124  16:42  Probe  
  124  16:43  Probe  
  126  16:47  Probe  
  126  16:52  Probe  
  128  16:56  Probe  
  129  17:05  Stalker x3  
  129  17:06  Tempest  
  129  17:07  Probe  
  140  17:20  Tempest  
  140  17:25  Void Ray  
Tags
 
Add a new tag
Caveats
  • Supply blocks, unpowered buildings, or Contaminate may cause inaccurate times.
  • Supply counts are checked every 10 seconds.